[Event "2nd Hersonissos Open 2018"]
[Site "Hersonissos"]
[Date "2018.06.24"]
[Round "9"]
[White "Kouvidis, Ioannis"]
[Black "Haverkamp, Klaus"]
[Result "1/2-1/2"]
[ECO "C47"]
[WhiteElo "1730"]
[BlackElo "1921"]
[Annotator "NA"]
[PlyCount "102"]
[EventDate "2018.06.23"]
[EventType "swiss"]
[EventCountry "GRE"]
[SourceTitle "playchess.com"]
[Source "ChessBase"]
[SourceQuality "1"]
[TimeControl "5400+30"]

1. e4 e5 2. Nf3 Nc6 3. Nc3 Nf6 4. d4 exd4 5. Nxd4 Bb4 6. Nxc6 bxc6 7. Bd3 d5 8. exd5 cxd5 9. O-O O-O 10. Qf3 c6 11. h3 Re8 12. Ne2 Ne4 13. Ng3 Qh4 14. Bxe4 dxe4 15. Qf4 Qxf4 16. Bxf4 f5 17. Rfd1 Be6 18. Ne2 Rac8 19. Be3 a6 20. Nd4 Kf7 21. c3 Be7 22. Rd2 Red8 23. Rad1 Bf6 24. b3 h6 25. c4 g5 26. Nxe6 Kxe6 27. Bd4 Rxd4 28. Rxd4 Bxd4 29. Rxd4 Ke7 30. g4 Ke6 31. gxf5+ Kxf5 32. Rd6 h5 33. Rh6 h4 34. Rh7 Rd8 35. Rf7+ Ke5 36. Re7+ Kf4 37. Rf7+ Ke5 38. Re7+ Kf4 39. Rc7 Rd6 40. Kg2 Re6 41. Ra7 a5 42. Rxa5 e3 43. fxe3+ Rxe3 44. b4 Re2+ 45. Kg1 Rc2 46. b5 cxb5 47. cxb5 Rb2 48. Ra4+ Kf5 49. Ra3 Rxb5 50. Kg2 Ke4 51. Rb3 Rc5 1/2-1/2

[Event "2nd Hersonissos Open 2018"]
[Site "Hersonissos"]
[Date "2018.06.24"]
[Round "9"]
[White "Spirou, Gerasimos"]
[Black "Ergazaki, Eirini"]
[Result "1/2-1/2"]
[ECO "C50"]
[WhiteElo "1716"]
[BlackElo "1348"]
[Annotator "NA"]
[PlyCount "84"]
[EventDate "2018.06.23"]
[EventType "swiss"]
[EventCountry "GRE"]
[SourceTitle "playchess.com"]
[Source "ChessBase"]
[SourceQuality "1"]
[TimeControl "5400+30"]

1. e4 e5 2. Nf3 Nc6 3. Bc4 Bc5 4. O-O Nf6 5. d3 d6 6. c3 Bb6 7. a4 a5 8. b4 h6 9. b5 Ne7 10. Bb3 O-O 11. Nbd2 Ng6 12. Nc4 Bc5 13. d4 exd4 14. cxd4 Bb4 15. e5 dxe5 16. Ncxe5 Ne7 17. Bb2 Ned5 18. Rc1 Be6 19. Qc2 Nf4 20. Bxe6 Nxe6 21. Rfd1 Nd5 22. Qf5 Ndf4 23. Rc2 Qd5 24. g3 g6 25. Qf6 Nh5 26. Qh4 f6 27. Qg4 fxe5 28. Qxg6+ Nhg7 29. Nxe5 h5 30. Rdc1 Be7 31. Qd3 Bd8 32. f4 h4 33. Ng6 Rf7 34. Re1 Nf5 35. Re5 Qa2 36. Rxf5 Qb1+ 37. Kg2 h3+ 38. Kxh3 Rxf5 39. Qxf5 Qf1+ 40. Rg2 Ng5+ 41. Kh4 Nf7+ 42. Kh3 Ng5+ 1/2-1/2

[Event "2nd Hersonissos Open 2018"]
[Site "Hersonissos"]
[Date "2018.06.24"]
[Round "9"]
[White "Papidakis, Georgios"]
[Black "Lobersli, Henrik Oie"]
[Result "0-1"]
[ECO "A45"]
[WhiteElo "1710"]
[BlackElo "2134"]
[Annotator "NA"]
[PlyCount "64"]
[EventDate "2018.06.23"]
[EventType "swiss"]
[EventCountry "GRE"]
[SourceTitle "playchess.com"]
[Source "ChessBase"]
[SourceQuality "1"]
[TimeControl "5400+30"]

1. d4 Nf6 2. Bf4 d5 3. e3 c5 4. c3 Nc6 5. Nd2 cxd4 6. exd4 Bf5 7. Ngf3 e6 $11 {[%emt 0:00:42] LiveBook: 149 Games} 8. Be2 Bd6 9. Bxd6 Qxd6 10. O-O h6 11. Nb3 O-O 12. Nc1 Rfc8 13. h3 Rab8 14. Bd3 Ne7 15. Bxf5 Nxf5 16. Nd3 b5 17. a4 a5 18. axb5 Rxb5 19. Qe2 Qb6 20. Ra2 Ne4 21. Rd1 Nfd6 22. Nd2 Rb8 23. Kh1 f5 24. Nf1 Nc4 25. f3 Ng5 26. Rb1 Nf7 27. Nd2 Nxd2 28. Qxd2 Nd6 29. Ne5 Qc7 30. Qe2 R8b6 31. Qd2 Nc4 32. Nxc4 Qxc4 0-1

[Event "2nd Hersonissos Open 2018"]
[Site "Hersonissos"]
[Date "2018.06.24"]
[Round "9"]
[White "Koutsourakis, Ioannis"]
[Black "Loshkarev, Dmitri"]
[Result "1/2-1/2"]
[ECO "D28"]
[WhiteElo "1560"]
[BlackElo "2089"]
[Annotator "NA"]
[PlyCount "82"]
[EventDate "2018.06.23"]
[EventType "swiss"]
[EventCountry "GRE"]
[SourceTitle "playchess.com"]
[Source "ChessBase"]
[SourceQuality "1"]
[TimeControl "5400+30"]

1. d4 d5 2. c4 dxc4 3. e3 Nf6 4. Bxc4 e6 5. Nf3 c5 6. O-O a6 7. Qe2 b5 8. Bd3 Nc6 9. dxc5 Bxc5 10. a3 $11 {[%emt 0:10:21] LiveBook: 50 Games} O-O 11. b4 Bb6 12. Bb2 Qe7 13. Nc3 h6 14. Rac1 Bb7 15. Rfd1 Rac8 16. Rd2 Ba8 17. Rdc2 Rcd8 18. Rd2 e5 19. Ne4 Nd7 20. Nc3 Nf6 21. Ne4 Rxd3 22. Qxd3 Nxe4 23. Qxe4 Nd4 24. Qxe5 Qxe5 25. Nxe5 Nb3 26. Rcd1 Nxd2 27. Rxd2 Rd8 28. Rxd8+ Bxd8 29. Nd3 a5 30. bxa5 Bxa5 31. f3 Bd5 32. Nb4 Bxb4 33. axb4 f5 34. Kf2 g6 35. h3 h5 36. h4 Kf7 37. Kg3 Bc4 38. Kf4 Bf1 39. g3 Bc4 40. e4 fxe4 41. fxe4 Ke6 1/2-1/2

[Event "2nd Hersonissos Open 2018"]
[Site "Hersonissos"]
[Date "2018.06.24"]
[Round "9"]
[White "Mateev, Kaloyan Mateev"]
[Black "Stefanov, Evtim"]
[Result "1-0"]
[ECO "A01"]
[WhiteElo "1539"]
[BlackElo "1959"]
[Annotator "NA"]
[PlyCount "41"]
[EventDate "2018.06.23"]
[EventType "swiss"]
[EventCountry "GRE"]
[SourceTitle "playchess.com"]
[Source "ChessBase"]
[SourceQuality "1"]
[TimeControl "5400+30"]

1. b3 d5 2. e3 e5 3. Bb2 Bd6 4. c4 c6 5. Nf3 Qe7 6. d4 e4 7. Ne5 f6 8. Qh5+ Kf8 9. Ng6+ hxg6 10. Qxh8 Kf7 11. h4 Na6 12. h5 Nh6 13. Be2 $11 (13. hxg6+ $18 Kxg6 14. Be2) 13... Nc7 14. hxg6+ Ke6 15. Rxh6 Bd7 16. Qh7 gxh6 17. g7 Qf7 18. c5 Be7 19. Bg4+ f5 20. Bxf5+ Qxf5 21. g8=Q+ {Ke5} 1-0

[Event "2nd Hersonissos Open 2018"]
[Site "Hersonissos"]
[Date "2018.06.24"]
[Round "9"]
[White "Koutsouraki, Ariadni"]
[Black "Angermuende, Dirk"]
[Result "0-1"]
[ECO "C01"]
[WhiteElo "1373"]
[BlackElo "1966"]
[Annotator "NA"]
[PlyCount "98"]
[EventDate "2018.06.23"]
[EventType "swiss"]
[EventCountry "GRE"]
[SourceTitle "playchess.com"]
[Source "ChessBase"]
[SourceQuality "1"]
[TimeControl "5400+30"]

1. e4 e6 2. d4 d5 3. exd5 exd5 4. Bd3 Bd6 $11 {[%emt 0:00:05] LiveBook: 728 Partien} 5. Nf3 Ne7 6. h3 O-O 7. O-O Bf5 8. Re1 Bxd3 9. Qxd3 c6 10. c3 Nd7 11. Be3 Qc7 12. Nbd2 Rae8 13. c4 dxc4 14. Nxc4 Bb4 15. Red1 Nd5 16. a3 Be7 17. Rac1 Qd8 18. Qb3 N7b6 19. Nce5 Bd6 20. Re1 Re7 21. Bd2 Rfe8 22. Nd3 Nc8 23. Nb4 Qb6 24. Qc4 Bxb4 25. Bxb4 Nxb4 26. axb4 Rxe1+ 27. Rxe1 Rxe1+ 28. Nxe1 Ne7 29. Qc5 Nd5 30. Qxb6 Nxb6 31. Nc2 Kf8 32. f3 Ke7 33. Kf2 Nd5 34. g3 Kd6 35. Ke2 h5 36. h4 f6 37. f4 Ke6 38. Kf3 Kf5 39. Ne3+ Nxe3 40. Kxe3 Kg4 41. Kf2 Kh3 42. b5 a6 43. bxc6 bxc6 44. Kf3 f5 45. Kf2 Kh2 46. Kf3 Kg1 47. b3 a5 48. Ke2 Kg2 49. Ke3 Kxg3 0-1